 Dungeon Crawl Stone Soup version 0.30-a0-169-g06f667207d (webtiles) character file.

Game seed: 11143880783822807221

10610 qw the Cleaver (level 11, -5/71 HPs)
             Began as a Gargoyle Fighter on Sept 30, 2022.
             Was a Priest of Okawaru.
             Slain by a skeletal warrior
             ... wielding a +0 dire flail
              (16 damage)
             ... on level 11 of the Dungeon.
             The game lasted 00:04:44 (9391 turns).

qw the Cleaver (Gargoyle Fighter)                   Turns: 9391, Time: 00:04:44

Health: -5/71      AC: 32    Str: 19    XL:     11   Next: 64%
Magic:  14/14      EV: 12    Int:  9    God:    Okawaru [***...]
Gold:   292        SH:  6    Dex:  9    Spells: 10/10 levels left

rFire   . . .      SeeInvis .    Y - +2 war axe (vamp)
rCold   . . .      Faith    .    c - +0 buckler
rNeg    + + .      Spirit   .    b - +2 plate armour
rPois   inf        Reflect  .    (no helmet)
rElec   +          Harm     .    (no cloak)
rCorr   .          Rampage  .    j - +1 pair of gloves
Will    .....                    (no boots)
Stlth   ..........               a - amulet of the Stopping Gods {RegenMP rN+ Regen+ Str-5}
HPRegen 1.01/turn                l - +4 ring of evasion
MPRegen 0.54/turn                m - +4 ring of protection

@: about to teleport, heroic
A: sickness immunity, AC +8, negative energy resistance 1, electricity
resistance, torment resistance 1, petrification resistance
a: Renounce Religion, Heroism


You were on level 11 of the Dungeon.
You worshipped Okawaru.
Okawaru was most pleased with you.
You visited 2 branches of the dungeon, and saw 12 of its levels.

You collected 754 gold pieces.
You spent 462 gold pieces at shops.


Innate Abilities, Weirdness & Mutations

You are immune to sickness and miasma.
Your stone body is resilient. (AC +8)
You are immune to poison.
You resist negative energy. (rN+)
You are resistant to electric shocks. (rElec)
You are resistant to unholy torment.
You are immune to petrification.


   Skills:
 + Level 9.6(14.6) Fighting
 - Level 12.0(17.0) Axes
 - Level 1.0(6.0) Throwing
 - Level 8.0(13.0) Armour
 - Level 1.5(6.5) Dodging
 - Level 6.6(11.6) Shields
 - Level 4.0 Invocations


You had 10 spell levels left.
You didn't know any spells.
Your spell library was empty.

Inventory:

Hand Weapons
 e - a +0 morningstar
 k - the +8 war axe of Fate {freeze, Int+7}
   (You took it off a wight on level 10 of the Dungeon)

   It freezes those it strikes, dealing additional cold damage.
   It can also slow down cold-blooded creatures.
   Int:       It affects your intelligence (+7).
 Y - a +2 vampiric war axe (weapon)
Armour
 b - a +2 plate armour (worn)
 c - a +0 buckler (worn)
 j - a +1 pair of gloves (worn)
Jewellery
 a - the amulet of the Stopping Gods (around neck) {RegenMP rN+ Regen+ Str-5}
   (You acquired it on level 2 of the Dungeon)

   [amulet of magic regeneration]

   It increases your rate of magic regeneration.
   Str:       It affects your strength (-5).
   rN:        It protects you from negative energy.
   Regen:     It increases your rate of health regeneration.
 l - a +4 ring of evasion (left hand)
 m - a +4 ring of protection (right hand)
Scrolls
 f - 9 scrolls of identify
 o - 3 scrolls of teleportation
Potions
 d - 8 potions of might
 g - a potion of cancellation
 h - a potion of haste
 i - 5 potions of mutation
 p - 5 potions of curing
 r - a potion of resistance

Dungeon Overview and Level Annotations

Branches:
Dungeon (11/15)            Temple (1/1) D:5             Orc (0/2) D:11
   Lair: D:8-11

Altars:
Ashenzari
Cheibriados
Dithmenos
Elyvilon
Fedhas
Gozag
Hepliaklqana
Kikubaaqudgha
Makhleb
Nemelex Xobeh
Okawaru
Qazlal
Ru
Sif Muna
Trog
Uskayaw
Vehumet
Wu Jian
Xom
Yredelemnul
Zin
The Shining One

Shops:
D:1 !   D:3 *(=?[   D:7 (??(

Annotations:
D:3 1 runed translucent door, Crazy Yiuf


Message History

The skeletal warrior hits you with a +0 dire flail.
You hit the skeletal warrior but do no damage.
The skeletal warrior is lightly damaged.
The skeletal warrior hits you with a +0 dire flail!
You hit the skeletal warrior but do no damage.
The skeletal warrior is lightly damaged.
You hit the skeletal warrior.
The skeletal warrior is moderately damaged.
The skeletal warrior hits you with a +0 dire flail!
You hit the skeletal warrior but do no damage.
The skeletal warrior is moderately damaged.
The skeletal warrior hits you with a +0 dire flail.
You hit the skeletal warrior.
The skeletal warrior is moderately damaged.
You hit the skeletal warrior but do no damage.
The skeletal warrior is moderately damaged.
The skeletal warrior barely misses you.
You barely miss the skeletal warrior.
The skeletal warrior is moderately damaged.
The skeletal warrior hits you with a +0 dire flail!
9386 ||| READING 4 scrolls of teleportation.
As you read the scroll of teleportation, it crumbles to dust.
You feel strangely unstable.
You feel like a meek peon again.
The skeletal warrior hits you but does no damage.
9387 ||| INVOKING Heroism.
You gain the combat prowess of a mighty hero.
The skeletal warrior hits you but does no damage.
You hit the skeletal warrior but do no damage.
The skeletal warrior is moderately damaged.
You hit the skeletal warrior but do no damage.
The skeletal warrior is moderately damaged.
You block the skeletal warrior's attack.
You barely miss the skeletal warrior.
The skeletal warrior is moderately damaged.
The skeletal warrior closely misses you.
You slash the skeletal warrior!
The skeletal warrior is heavily damaged.
The skeletal warrior hits you with a +0 dire flail!
You die...

#.#
#.#
#.#
#.#
#)#
#.#
#.#
#.#
#@#
#z#
#z#
#z#
#.#
#.#
...
###


You could see 3 skeletal warriors.

Vanquished Creatures
  A two-headed ogre (D:10)
  2 skeletal warriors (D:11)
  3 centaur zombies (D:10)
  A komodo dragon (D:11)
  A kobold demonologist (D:11)
  A troll (D:9)
  3 slime creatures
  A wyvern (D:9)
  8 yaks
  A steam dragon (D:8)
  2 water moccasins
  Duvessa (D:7)
  A black bear (D:7)
  A sky beast (D:8)
  6 orc warriors
  2 ice beasts (D:6)
  3 centaurs
  2 ogres (D:5)
  3 kobold brigands
  5 bullfrogs
  6 necrophages
  6 scorpions
  9 wights
  Dowan (D:7)
  11 killer bees
  5 howler monkeys
  A human zombie (D:10)
  A jelly (D:7)
  3 orc priests
  4 hounds
  3 gnoll boudas
  An iron imp (D:5)
  2 iguanas (D:5)
  7 orc wizards
  3 mummies (D:10)
  2 howler monkey zombies (D:10)
  6 adders
  24 gnolls
  4 white imps
  An ufetubus (D:5)
  A worm (D:3)
  2 dart slugs
  28 orcs
  3 ball pythons (D:1)
  8 endoplasms
  4 giant cockroaches
  31 goblins
  32 hobgoblins
  3 quokkas
  5 bats
  A frilled lizard (D:1)
  5 goblin skeletons (D:5)
  2 goblin zombies (D:5)
  2 hobgoblin zombies (D:5)
  23 kobolds
  A kobold skeleton (D:5)
  A kobold zombie (D:5)
  An orc zombie (D:5)
  4 rats
305 creatures vanquished.

Vanquished Creatures (others)
  6 plants (D:7)
6 creatures vanquished.

Grand Total: 311 creatures vanquished

Notes
Turn   | Place    | Note
-------+----------+-------------------------------------------
     0 | D:1      | qw the Gargoyle Fighter began the quest for the Orb.
     0 | D:1      | Reached XP level 1. HP: 14/14 MP: 1/1
     0 | D:1      | 0 ||| qw: Version: 0.2-a-12-gaebbb33
     0 | D:1      | 0 ||| qw: Game counter: 1382
     0 | D:1      | 0 ||| qw: Always use a shield: true
     0 | D:1      | 0 ||| qw: God list: Okawaru
     0 | D:1      | 0 ||| qw: Allow faded altars: false
     0 | D:1      | 0 ||| qw: Do Orc after D:15 true
     0 | D:1      | 0 ||| qw: Do second Lair branch before Depths: true
     0 | D:1      | 0 ||| qw: Lair rune preference: random
     0 | D:1      | 0 ||| qw: Plans: Normal, Zot:1-4, God:TSO, Crypt, Tomb,
                  | Pan, Slime:5, Hells, Abyss, Orb
     0 | D:1      | 0 ||| PLANNING D:1-11
    75 | D:1      | Found a faded altar of an unknown god.
   149 | D:1      | Reached skill level 2 in Axes
   217 | D:1      | Found Uhagopt's Distillery.
   225 | D:1      | 225 ||| SHOPLISTING potion of attraction (36 gold, have 0).
   225 | D:1      | 225 ||| SHOPLISTING potion of cancellation (96 gold, have
                  | 0).
   225 | D:1      | 225 ||| SHOPLISTING potion of curing (36 gold, have 0).
   225 | D:1      | 225 ||| SHOPLISTING potion of haste (120 gold, have 0).
   225 | D:1      | 225 ||| SHOPLISTING potion of lignification (36 gold, have
                  | 0).
   328 | D:1      | Reached XP level 2. HP: 19/19 MP: 2/2
   867 | D:1      | You fall into a shaft and drop 1 floor!
   870 | D:2      | 870 ||| Stepping ~*~*~tactically~*~*~ (hiding).
   918 | D:2      | Reached skill level 3 in Axes
  1064 | D:2      | 1064 ||| DROPPING +0 club.
  1076 | D:2      | 1076 ||| READING scroll labelled ZAAWIFUS FOSEWK.
  1076 | D:2      | Identified a scroll of acquirement
  1076 | D:2      | 1076 ||| ACQUIRING amulet of the Stopping Gods {RegenMP rN+
                  | Regen+ Str-5}
  1076 | D:2      | Acquired the amulet of the Stopping Gods {RegenMP rN+
                  | Regen+ Str-5}
  1078 | D:2      | 1078 ||| UPGRADING to amulet of the Stopping Gods {RegenMP
                  | rN+ Regen+ Str-5}.
  1083 | D:2      | 1083 ||| READING scroll labelled RYICOV XETUU.
  1093 | D:2      | Reached XP level 3. HP: 23/23 MP: 3/3
  1093 | D:2      | 1093 ||| READING scroll labelled IZOPHU QUMOEVA.
  1094 | D:2      | 1094 ||| DRINKING 2 orange potions.
  1095 | D:2      | 1095 ||| DROPPING potion of brilliance.
  1414 | D:2      | 1414 ||| STAIRDANCE
  1423 | D:2      | 1423 ||| STAIRDANCE
  1431 | D:2      | 1431 ||| STAIRDANCE
  1598 | D:2      | Reached XP level 4. HP: 28/28 MP: 4/4
  1752 | D:2      | 1752 ||| DROPPING amulet of faith.
  1753 | D:2      | 1753 ||| READING scroll labelled MAGREO CEIRPH.
  1754 | D:2      | 1754 ||| READING scroll labelled NEHUEL VYPHUME.
  1755 | D:2      | 1755 ||| READING scroll labelled DOYNWA CAGI.
  1756 | D:2      | 1756 ||| DRINKING 2 coppery potions.
  1788 | D:3      | Found Suxt's Magic Scroll Shop.
  1793 | D:3      | 1793 ||| SHOPLISTING scroll of acquirement (624 gold, have
                  | 73).
  1793 | D:3      | 1793 ||| SHOPLISTING scroll of enchant armour (90 gold,
                  | have 73).
  1793 | D:3      | 1793 ||| BUYING scroll of identify (24 gold).
  1793 | D:3      | Bought a scroll of identify for 24 gold pieces
  1793 | D:3      | 1793 ||| BUYING scroll of teleportation (36 gold).
  1793 | D:3      | Bought a scroll of teleportation for 36 gold pieces
  1837 | D:3      | Reached skill level 4 in Axes
  1891 | D:3      | Found Efupno's Armour Boutique.
  1899 | D:3      | 1899 ||| SHOPLISTING +0 pair of boots (45 gold, have 13).
  1899 | D:3      | 1899 ||| SHOPLISTING +0 plate armour (230 gold, have 13).
  1899 | D:3      | 1899 ||| SHOPLISTING +3 chain mail of positive energy (235
                  | gold, have 13).
  1899 | D:3      | 1899 ||| SHOPLISTING +3 ring mail of cold resistance (260
                  | gold, have 13).
  2038 | D:3      | 2038 ||| DRINKING potion of curing.
  2038 | D:3      | 2038 ||| (to cure confusion)
  2042 | D:3      | Reached XP level 5. HP: 31/32 MP: 5/5
  2049 | D:3      | 2049 ||| DROPPING +0 whip.
  2074 | D:3      | 2074 ||| Stepping ~*~*~tactically~*~*~ (stealth).
  2076 | D:3      | 2076 ||| Stepping ~*~*~tactically~*~*~ (stealth).
  2082 | D:3      | Found Xeps's Weapon Boutique.
  2091 | D:3      | 2091 ||| SHOPLISTING +0 morningstar (44 gold, have 30).
  2097 | D:3      | Found an ancient bone altar of Kikubaaqudgha.
  2163 | D:3      | Found Lynat's Jewellery Shoppe.
  2172 | D:3      | 2172 ||| SHOPLISTING amulet "Bagethev" {RegenMP Str+3} (519
                  | gold, have 30).
  2172 | D:3      | 2172 ||| SHOPLISTING amulet of reflection (360 gold, have
                  | 30).
  2172 | D:3      | 2172 ||| SHOPLISTING amulet of regeneration (360 gold, have
                  | 30).
  2172 | D:3      | 2172 ||| SHOPLISTING ring of protection from fire (300
                  | gold, have 30).
  2172 | D:3      | 2172 ||| SHOPLISTING ring of resist corrosion (240 gold,
                  | have 30).
  2256 | D:3      | 2256 ||| Stepping ~*~*~tactically~*~*~ (stealth).
  2257 | D:3      | 2257 ||| Stepping ~*~*~tactically~*~*~ (stealth).
  2338 | D:3      | Found Xyefeles's Assorted Antiques.
  2348 | D:3      | 2348 ||| BUYING clear potion (23 gold).
  2348 | D:3      | Bought a clear potion for 23 gold pieces
  2348 | D:3      | 2348 ||| SHOPLISTING inky potion (23 gold, have 11).
  2348 | D:3      | 2348 ||| SHOPLISTING scroll labelled TIOSYUGAUNK (26 gold,
                  | have 11).
  2348 | D:3      | 2348 ||| SHOPLISTING scroll labelled UKHAIDGH NIMYO (26
                  | gold, have 11).
  2348 | D:3      | 2348 ||| SHOPLISTING scroll of identify (52 gold, have 11).
  2505 | D:3      | Found a runed translucent door.
  2506 | D:3      | Noticed Crazy Yiuf
  2509 | D:3      | 2509 ||| UPGRADING to +0 chain mail.
  2519 | D:3      | 2519 ||| DROPPING +0 scale mail.
  2520 | D:3      | 2520 ||| UPGRADING to +4 ring of evasion.
  2521 | D:3      | 2521 ||| UPGRADING to +4 ring of protection.
  2522 | D:3      | 2522 ||| READING scroll labelled PEMNAHOX DUCKOUBE.
  2523 | D:3      | 2523 ||| READING 3 scrolls of identify.
  2523 | D:3      | 2523 ||| IDENTIFYING white potion
  2524 | D:3      | 2524 ||| READING 2 scrolls of identify.
  2524 | D:3      | 2524 ||| IDENTIFYING glowing purple potion
  2525 | D:3      | 2525 ||| DROPPING potion of degeneration.
  2566 | D:4      | Reached skill level 5 in Axes
  2566 | D:4      | 2566 ||| STAIRDANCE
  2640 | D:4      | HP: 6/32 [gnoll/+0 spear[a gnoll bouda] (7)]
  2641 | D:4      | 2641 ||| READING scroll of teleportation.
  2642 | D:4      | HP: 1/32 [gnoll bouda/+0 whip (7)]
  2643 | D:4      | Reached XP level 6. HP: 1/38 MP: 6/6
  2724 | D:4      | 2724 ||| Stepping ~*~*~tactically~*~*~ (hiding).
  2944 | D:4      | 2944 ||| READING scroll of enchant weapon.
  2944 | D:4      | 2944 ||| ENCHANTING +1 war axe of freezing.
  3185 | D:4      | Found a sparkling altar of Nemelex Xobeh.
  3278 | D:4      | 3278 ||| DROPPING +6 ring of dexterity.
  3279 | D:4      | 3279 ||| READING scroll labelled IMIDIF GOHYGUE.
  3280 | D:4      | 3280 ||| READING 4 scrolls of identify.
  3280 | D:4      | 3280 ||| IDENTIFYING viscous black potion
  3281 | D:4      | 3281 ||| READING 3 scrolls of identify.
  3281 | D:4      | 3281 ||| IDENTIFYING lumpy black potion
  3282 | D:4      | 3282 ||| READING 2 scrolls of identify.
  3282 | D:4      | 3282 ||| IDENTIFYING smoky grey potion
  3283 | D:4      | 3283 ||| DROPPING potion of invisibility.
  3284 | D:4      | 3284 ||| DROPPING potion of flight.
  3285 | D:4      | 3285 ||| DROPPING potion of berserk rage.
  3318 | D:5      | Entered Level 5 of the Dungeon
  3323 | D:5      | Found a staircase to the Ecumenical Temple.
  3324 | D:5      | 3324 ||| PLANNING TEMPLE
  3356 | Temple   | Entered the Ecumenical Temple
  3393 | Temple   | 3393 ||| PLANNING D:1-11
  3440 | D:5      | Reached skill level 6 in Axes
  3440 | D:5      | Reached XP level 7. HP: 31/43 MP: 7/7
  3687 | D:5      | Found a glowing golden altar of the Shining One.
  3690 | D:5      | 3690 ||| Stepping ~*~*~tactically~*~*~ (stealth).
  3692 | D:5      | 3692 ||| Stepping ~*~*~tactically~*~*~ (stealth).
  3705 | D:5      | Reached skill level 7 in Axes
  3712 | D:5      | 3712 ||| Stepping ~*~*~tactically~*~*~ (stealth).
  3718 | D:5      | 3718 ||| Stepping ~*~*~tactically~*~*~ (stealth).
  3721 | D:5      | 3721 ||| Stepping ~*~*~tactically~*~*~ (stealth).
  3736 | D:5      | 3736 ||| Stepping ~*~*~tactically~*~*~ (stealth).
  3739 | D:5      | 3739 ||| Stepping ~*~*~tactically~*~*~ (stealth).
  3829 | D:5      | Found a hazy altar of Hepliaklqana.
  3857 | D:5      | Reached skill level 1 in Dodging
  3857 | D:5      | Reached XP level 8. HP: 49/49 MP: 8/8
  3876 | D:5      | Identified the +6 dagger of the Conjuring Gods {vamp,
                  | *Noise Str+8}
  3922 | D:5      | 3922 ||| Stepping ~*~*~tactically~*~*~ (hiding).
  3923 | D:5      | 3923 ||| Stepping ~*~*~tactically~*~*~ (hiding).
  4072 | D:5      | 4072 ||| Stepping ~*~*~tactically~*~*~ (stealth).
  4075 | D:5      | 4075 ||| Stepping ~*~*~tactically~*~*~ (stealth).
  4131 | D:5      | 4131 ||| Stepping ~*~*~tactically~*~*~ (hiding).
  4242 | D:5      | 4242 ||| Stepping ~*~*~tactically~*~*~ (hiding).
  4761 | D:5      | 4761 ||| READING scroll labelled USAINNASTRU.
  4762 | D:5      | 4762 ||| READING scroll labelled UKHAIDGH NIMYO.
  4763 | D:5      | 4763 ||| DRINKING 2 bubbling grey potions.
  4864 | D:5      | 4864 ||| READING 2 scrolls of identify.
  4864 | D:5      | 4864 ||| IDENTIFYING dark potion
  4865 | D:5      | 4865 ||| DROPPING potion of ambrosia.
  4946 | D:6      | Reached skill level 8 in Axes
  5030 | D:6      | Reached skill level 6 in Fighting
  5246 | D:6      | 5246 ||| Stepping ~*~*~tactically~*~*~ (stealth).
  5249 | D:6      | Reached skill level 9 in Axes
  5260 | D:6      | Reached XP level 9. HP: 55/55 MP: 9/9
  5615 | D:6      | 5615 ||| Stepping ~*~*~tactically~*~*~ (hiding).
  5940 | D:6      | 5940 ||| READING scroll labelled KUOBU XEWIY.
  5941 | D:6      | 5941 ||| READING scroll labelled ISOLAI BACREAKH.
  5942 | D:6      | 5942 ||| READING 2 scrolls of identify.
  5942 | D:6      | 5942 ||| IDENTIFYING blue potion
  5943 | D:6      | 5943 ||| DROPPING potion of magic.
  5966 | D:7      | Noticed Duvessa
  5966 | D:7      | Noticed Dowan
  5973 | D:7      | Killed Duvessa
  5975 | D:7      | Killed Dowan
  6038 | D:7      | 6038 ||| DROPPING +0 flail.
  6100 | D:7      | Found Fyliqag's Weapon Shop.
  6222 | D:7      | Found Dotaiw's Magic Scroll Shop.
  6230 | D:7      | 6230 ||| BUYING scroll of enchant armour (75 gold).
  6230 | D:7      | Bought a scroll of enchant armour for 75 gold pieces
  6230 | D:7      | 6230 ||| BUYING scroll of identify (20 gold).
  6230 | D:7      | Bought a scroll of identify for 20 gold pieces
  6230 | D:7      | 6230 ||| BUYING scroll of identify (20 gold).
  6230 | D:7      | Bought a scroll of identify for 20 gold pieces
  6230 | D:7      | 6230 ||| BUYING scroll of identify (20 gold).
  6230 | D:7      | Bought a scroll of identify for 20 gold pieces
  6230 | D:7      | 6230 ||| BUYING scroll of teleportation (30 gold).
  6230 | D:7      | Bought a scroll of teleportation for 30 gold pieces
  6230 | D:7      | 6230 ||| BUYING scroll of teleportation (30 gold).
  6230 | D:7      | Bought a scroll of teleportation for 30 gold pieces
  6234 | D:7      | 6234 ||| Stepping ~*~*~tactically~*~*~ (stealth).
  6237 | D:7      | 6237 ||| Stepping ~*~*~tactically~*~*~ (stealth).
  6242 | D:7      | 6242 ||| Stepping ~*~*~tactically~*~*~ (stealth).
  6243 | D:7      | 6243 ||| Stepping ~*~*~tactically~*~*~ (stealth).
  6249 | D:7      | 6249 ||| Stepping ~*~*~tactically~*~*~ (stealth).
  6264 | D:7      | 6264 ||| Stepping ~*~*~tactically~*~*~ (stealth).
  6285 | D:7      | Found Wiorodgh's Antique Weapon Shoppe.
  6354 | D:7      | Found Athi Ext's Magic Scroll Emporium.
  6360 | D:7      | 6360 ||| BUYING scroll of brand weapon (152 gold).
  6360 | D:7      | Bought a scroll of brand weapon for 152 gold pieces
  6360 | D:7      | 6360 ||| BUYING scroll of identify (32 gold).
  6360 | D:7      | Bought a scroll of identify for 32 gold pieces
  6360 | D:7      | 6360 ||| SHOPLISTING scroll of identify (32 gold, have 2).
  6360 | D:7      | 6360 ||| SHOPLISTING scroll of teleportation (48 gold, have
                  | 2).
  6360 | D:7      | 6360 ||| READING scroll of brand weapon.
  6360 | D:7      | 6360 ||| BRANDING +2 war axe of freezing.
  6624 | D:7      | Found a shadowy altar of Dithmenos.
  6688 | D:7      | 6688 ||| Stepping ~*~*~tactically~*~*~ (stealth).
  6773 | D:7      | 6773 ||| UPGRADING to +0 plate armour.
  6783 | D:7      | 6783 ||| DROPPING +0 chain mail.
  6784 | D:7      | 6784 ||| READING scroll of enchant armour.
  6784 | D:7      | 6784 ||| ENCHANTING +0 plate armour.
  6785 | D:7      | 6785 ||| READING scroll labelled GAITOI RIUDWIC.
  6786 | D:7      | 6786 ||| READING scroll labelled VUQAIKHEUPH.
  6787 | D:7      | 6787 ||| READING 6 scrolls of identify.
  6787 | D:7      | 6787 ||| IDENTIFYING clear potion
  6821 | D:8      | 6821 ||| STAIRDANCE
  6829 | D:8      | 6829 ||| STAIRDANCE
  6860 | D:8      | Reached skill level 10 in Axes
  6903 | D:8      | 6903 ||| Stepping ~*~*~tactically~*~*~ (hiding).
  6904 | D:8      | 6904 ||| Stepping ~*~*~tactically~*~*~ (hiding).
  6919 | D:8      | 6919 ||| Stepping ~*~*~tactically~*~*~ (stealth).
  6926 | D:8      | 6926 ||| Stepping ~*~*~tactically~*~*~ (stealth).
  6950 | D:8      | 6950 ||| Stepping ~*~*~tactically~*~*~ (stealth).
  6959 | D:8      | 6959 ||| Stepping ~*~*~tactically~*~*~ (stealth).
  6986 | D:8      | Reached skill level 6 in Armour
  7098 | D:8      | 7098 ||| Stepping ~*~*~tactically~*~*~ (hiding).
  7170 | D:8      | Found a bloodstained altar of Trog.
  7176 | D:8      | Reached XP level 10. HP: 57/64 MP: 10/10
  7305 | D:8      | 7305 ||| READING scroll of enchant armour.
  7305 | D:8      | 7305 ||| ENCHANTING +1 plate armour.
  7413 | D:9      | 7413 ||| STAIRDANCE
  7444 | D:9      | 7444 ||| STAIRDANCE
  7515 | D:9      | Reached skill level 1 in Throwing
  7606 | D:9      | 7606 ||| Stepping ~*~*~tactically~*~*~ (stealth).
  7608 | D:9      | 7608 ||| Stepping ~*~*~tactically~*~*~ (stealth).
  7676 | D:9      | 7676 ||| Stepping ~*~*~tactically~*~*~ (hiding).
  7691 | D:9      | Reached skill level 11 in Axes
  7739 | D:9      | Found a glowing silver altar of Zin.
  7835 | D:9      | 7835 ||| Stepping ~*~*~tactically~*~*~ (hiding).
  7836 | D:9      | 7836 ||| Stepping ~*~*~tactically~*~*~ (hiding).
  7837 | D:9      | 7837 ||| Stepping ~*~*~tactically~*~*~ (hiding).
  7839 | D:9      | 7839 ||| Stepping ~*~*~tactically~*~*~ (hiding).
  7840 | D:9      | 7840 ||| Stepping ~*~*~tactically~*~*~ (hiding).
  8122 | D:9      | Found an iron altar of Okawaru.
  8122 | D:9      | Found a hide-covered altar of Uskayaw.
  8123 | D:9      | 8123 ||| PLANNING OKAWARU WORSHIP
  8123 | D:9      | 8123 ||| READING scroll labelled GICWAVV JIASK.
  8141 | D:9      | Became a worshipper of Warmaster Okawaru
  8142 | D:9      | 8142 ||| PLANNING D:1-11
  8230 | D:10     | Entered Level 10 of the Dungeon
  8230 | D:10     | Noticed a two-headed ogre
  8247 | D:10     | Killed a two-headed ogre
  8248 | D:10     | Reached skill level 9 in Fighting
  8378 | D:10     | 8378 ||| READING scroll of brand weapon.
  8378 | D:10     | 8378 ||| BRANDING +2 war axe of protection.
  8383 | D:10     | Found a white marble altar of Elyvilon.
  8455 | D:10     | Reached * piety under Okawaru
  8461 | D:10     | Reached skill level 1 in Invocations
  8461 | D:10     | Reached XP level 11. HP: 71/71 MP: 11/11
  8480 | D:10     | 8480 ||| INVOKING Heroism.
  8557 | D:10     | 8557 ||| Stepping ~*~*~tactically~*~*~ (stealth).
  8621 | D:10     | Identified the +8 war axe of Fate {freeze, Int+7}
  8623 | D:10     | 8623 ||| INVOKING Heroism.
  8624 | D:10     | 8624 ||| INVOKING Heroism.
  8704 | D:10     | Found a basalt altar of Yredelemnul.
  8725 | D:10     | Reached skill level 3 in Invocations
  9093 | D:10     | 9093 ||| UPGRADING to +1 pair of gloves.
  9147 | D:11     | 9147 ||| Stepping ~*~*~tactically~*~*~ (stealth).
  9149 | D:11     | 9149 ||| Stepping ~*~*~tactically~*~*~ (stealth).
  9151 | D:11     | 9151 ||| Stepping ~*~*~tactically~*~*~ (stealth).
  9152 | D:11     | 9152 ||| INVOKING Heroism.
  9162 | D:11     | Reached ** piety under Okawaru
  9172 | D:11     | 9172 ||| Stepping ~*~*~tactically~*~*~ (stealth).
  9175 | D:11     | 9175 ||| Stepping ~*~*~tactically~*~*~ (hiding).
  9184 | D:11     | 9184 ||| INVOKING Heroism.
  9201 | D:11     | 9201 ||| Stepping ~*~*~tactically~*~*~ (stealth).
  9202 | D:11     | 9202 ||| Stepping ~*~*~tactically~*~*~ (stealth).
  9207 | D:11     | Found a staircase to the Orcish Mines.
  9211 | D:11     | 9211 ||| INVOKING Heroism.
  9214 | D:11     | Reached skill level 12 in Axes
  9305 | D:11     | Noticed a skeletal warrior
  9306 | D:11     | 9306 ||| INVOKING Heroism.
  9327 | D:11     | Killed a skeletal warrior
  9327 | D:11     | Reached *** piety under Okawaru
  9347 | D:11     | Noticed a skeletal warrior
  9348 | D:11     | 9348 ||| INVOKING Heroism.
  9350 | D:11     | Noticed a skeletal warrior
  9350 | D:11     | Noticed a skeletal warrior
  9350 | D:11     | Noticed a skeletal warrior
  9370 | D:11     | Killed a skeletal warrior
  9371 | D:11     | Reached skill level 6 in Shields
  9385 | D:11     | HP: 6/71 [skeletal warrior/+0 dire flail (14)]
  9386 | D:11     | 9386 ||| READING 4 scrolls of teleportation.
  9387 | D:11     | 9387 ||| INVOKING Heroism.
  9391 | D:11     | Slain by a skeletal warrior

Levels and vault maps discovered:
D:1:      lordsloth_arrival_two_stooges, layout_loops_corners, serial_shops,
          nicolae_shop_advertising_works [nicolae_subvault_shop_adworks],
          shapermc_ecumenical_altar_hornbeckon
D:2:      layout_rooms, kennysheep_generic_room_10
D:3:      layout_basic, overflow_temple_1_default, serial_shops,
          nicolae_square_shop, shop, nicolae_lakefront_shop,
          nicolae_shop_hallway_plus, nicolae_shop_trees, minmay_crystal_room,
          kennysheep_generic_room_9, uniq_crazy_yiuf_cottage
D:4:      layout_gridville, marbit_many_paths, serial_glass, glass_columns_b,
          glass_columns_a, glass_columns_a, glass_columns_b, glass_columns_a,
          glass_columns_a
D:5:      minmay_goblin_kobold_castle, layout_cave_pods,
          nicolae_tso_besieged_by_evil, lemuel_doored_altar, temple_fountains
D:6:      layout_basic
D:7:      layout_loops_ring, mainiacjoe_overflow_tiny_flanked, serial_shops,
          shop_statue, kennysheep_little_box, shop,
          nicolae_shop_overgrown_old_shop, minmay_misc_feat_tiny, uniq_duvessa
D:8:      layout_rooms, trog_three_pillars_becter
D:9:      layout_small_grid, gammafunk_temple_overflow_pools, kennysheep_mini,
          minmay_misc_feat_rugged
D:10:     layout_loops_ring, mainiacjoe_overflow_surrounded_room,
          lemuel_mausoleum_altar_yredelemnul
D:11:     layout_basic, lair_entry_dummy, david_orc_2,
          nicolae_trove_entry_crystal
Temple:   nicolae_temple_ecumenical_triangle

Skill      XL: |  1  2  3  4  5  6  7  8  9 10 11 |
---------------+----------------------------------+-----
Axes           | 2 3 4 5 6 7 9 10 11 12 | 12.0
Fighting       | 4 5 6 7 9 |  9.6
Dodging        | 1 |  1.5
Shields        | 4 5 6 |  6.6
Armour         | 6 7 8 |  8.0
Throwing       | 1 |  1.0
Invocations    | 1 4 |  4.0

Action                   |  1- 3 |  4- 6 |  7- 9 | 10-12 || total
-------------------------+-------+-------+-------+-------++-------
Melee: War axe           |   107 |   138 |   435 |   429 ||  1109
Throw: Boomerang         |       |       |       |    15 ||    15
Invok: Heroism           |       |       |       |     8 ||     8
  Use: Scroll            |     3 |    12 |    11 |     4 ||    30
       Potion            |     1 |     2 |     1 |       ||     4
Armor: Scale mail        |    54 |    28 |       |       ||    82
       Chain mail        |       |    44 |   194 |       ||   238
       Plate armour      |       |       |    83 |   257 ||   340
Dodge: Dodged            |    48 |    54 |   211 |   167 ||   480
Block: Buckler           |    26 |    35 |    97 |    88 ||   246

Table legend:
 A = Non-vault XP
 B = Vault XP
 C = Vault XP percentage of total XP
 D = Non-vault monster count
 E = Vault monster count
 F = Vault count percentage of total count
                 A         B        C        D         E       F
            +---------+---------+-------+---------+---------+-------
      Total |   12530 |    2628 |  17.3 |     206 |      99 |  32.5
            +---------+---------+-------+---------+---------+-------
        D:1 |      55 |       0 |   0.0 |      20 |       0 |   0.0
        D:2 |      38 |       1 |   2.6 |       9 |       1 |  10.0
        D:3 |     123 |       2 |   1.6 |      24 |       1 |   4.0
        D:4 |     280 |      14 |   4.8 |      16 |       1 |   5.9
        D:5 |     797 |     257 |  24.4 |      14 |      75 |  84.3
        D:6 |     947 |       0 |   0.0 |      24 |       0 |   0.0
        D:7 |    1134 |     215 |  15.9 |      26 |       2 |   7.1
        D:8 |    1528 |       0 |   0.0 |      21 |       0 |   0.0
        D:9 |    2356 |       0 |   0.0 |      26 |       0 |   0.0
       D:10 |    2250 |    1863 |  45.3 |      18 |      12 |  40.0
       D:11 |    3022 |     276 |   8.4 |       8 |       7 |  46.7
            +---------+---------+-------+---------+---------+-------
